 Dungeon Crawl Stone Soup version 0.20.1-1-g8b1a95d66d (webtiles) character file.

96 Peloso the Shield-Bearer (level 4, -1/40 HPs)
             Began as a Minotaur Fighter on Dec 26, 2017.
             Slain by a water moccasin (7 damage)
             ... on level 2 of the Dungeon.
             The game lasted 00:03:35 (1507 turns).

Peloso the Shield-Bearer (Minotaur Fighter)         Turns: 1507, Time: 00:03:36

Health: -1/40      AC:  7    Str: 21    XL:     4   Next: 41%
Magic:  3/3        EV:  8    Int:  5    God:
Gold:   95         SH:  9    Dex: 10    Spells: 3/3 levels left

rFire    . . .     SeeInvis .   a - +0 long sword
rCold    . . .     Gourm    .   c - +0 shield
rNeg     . . .     Faith    .   b - +0 scale mail
rPois    .         Spirit   .   (helmet restricted)
rElec    .         Reflect  .   (no cloak)
rCorr    .         Harm     .   (no gloves)
MR       .....                  (no boots)
Stlth    ..........             (no amulet)
Regen    0.2/turn               (no ring)
MPRegen  0.1/turn               (no ring)

@: no status effects
A: retaliatory headbutt, horns 2
a: no special abilities


You were on level 2 of the Dungeon.
You were not hungry.

You visited 1 branch of the dungeon, and saw 2 of its levels.

You collected 95 gold pieces.

Inventory:

Hand Weapons
 a - a +0 long sword (weapon)
 h - a +1 mace of protection
Armour
 b - a +0 scale mail (worn)
 c - a +0 shield (worn)
Scrolls
 e - a scroll of fear {unknown}
 j - a scroll of recharging {unknown}
 k - 2 scrolls of remove curse {unknown}
 n - a scroll of amnesia {unknown}
 p - 3 scrolls of teleportation {unknown}
 q - a scroll of blinking {unknown}
Potions
 d - 2 potions of might
 l - a potion of heal wounds {unknown}
Comestibles
 f - 3 bread rations
 m - a meat ration
 o - a royal jelly
 r - 3 chunks of flesh


   Skills:
 + Level 4.1 Fighting
 + Level 3.3 Long Blades
 + Level 4.2 Armour
 + Level 1.2 Dodging
 + Level 4.7 Shields


You had 3 spell levels left.
You didn't know any spells.

Dungeon Overview and Level Annotations

Branches:
Dungeon (2/15)

Altars:
Ashenzari
Hepliaklqana
Ru


Innate Abilities, Weirdness & Mutations

You reflexively headbutt those who attack you in melee.
You have a pair of horns on your head.


Message History

You feel sick.
The water moccasin bites you but does no damage.
You hit the water moccasin.
The water moccasin is heavily wounded.
You feel sick. The water moccasin closely misses you.
The water moccasin barely misses you.
Your shield and scale mail prevent you from hitting the water moccasin.
The water moccasin is moderately wounded.
You block the water moccasin's attack. The water moccasin bites you.
* * * LOW HITPOINT WARNING * * *
You are lethally poisoned!
The water moccasin poisons you!
* * * LOW HITPOINT WARNING * * *
You feel sick.
It was a potion of magic.
Magic courses through your body.
* * * LOW HITPOINT WARNING * * *
You feel sick. The water moccasin barely misses you.
You block the water moccasin's attack.
It was a potion of curing.
You feel better. The water moccasin bites you!
You die...

####.######...#####
#..................
#.##.#.####........
#.##.#.# ##.###.#.
#.##.#.# #.# #.#.
#######.##.#.#####.# #.#.
........##.........# #.#.
........####.####..###.#.
.......S@...........##.##
........####.###.....#.##
.......>.......##.##.#.##
........####.#)##.##.#.##
.............#)##.##.#.##
.............#))......)..
.............#.....#.#.##
.............#.....#.#.##
.......g(#.......#.##


You could see a water moccasin.

Vanquished Creatures
  Robin (D:2)
  3 adders (D:2)
  A worm (D:2)
  A leopard gecko (D:2)
  7 bats
  14 goblins
  6 hobgoblins (D:2)
  2 quokkas (D:2)
  A frilled lizard (D:1)
  5 kobolds
  12 rats
53 creatures vanquished.

Notes
Turn   | Place    | Note
-------+----------+-------------------------------------------
     0 | D:1      | Peloso the Minotaur Fighter began the quest for the Orb.
     0 | D:1      | Reached XP level 1. HP: 19/19 MP: 0/0
   152 | D:1      | Reached XP level 2. HP: 27/27 MP: 1/1
   610 | D:2      | Reached XP level 3. HP: 16/33 MP: 2/2
   835 | D:2      | Found a shattered altar of Ashenzari.
   846 | D:2      | Found a sacrificial altar of Ru.
   846 | D:2      | Found a hazy altar of Hepliaklqana.
  1243 | D:2      | Noticed Robin
  1276 | D:2      | Reached XP level 4. HP: 32/40 MP: 3/3
  1381 | D:2      | Killed Robin
  1381 | D:2      | Reached skill level 1 in Dodging
  1492 | D:2      | Noticed a water moccasin
  1505 | D:2      | HP: 2/40 [poisoned by a water moccasin]
  1507 | D:2      | Slain by a water moccasin

Skill      XL: |  1  2  3  4 |
---------------+-------------+-----
Armour         | 4 |  4.2
Shields        | 4 |  4.7
Fighting       | 4 |  4.1
Long Blades    | 3 |  3.3
Dodging        | 1 |  1.2

Action                   |  1- 3 |  4- 6 || total
-------------------------+-------+-------++-------
Melee: Long sword        |    95 |    39 ||   134
       Headbutt          |    13 |     4 ||    17
  Use: Potion            |       |     2 ||     2
  Eat: Chunk             |     1 |     1 ||     2
Armor: Scale mail        |    70 |    24 ||    94
Dodge: Dodged            |    41 |    23 ||    64
Block: Shield            |    64 |    23 ||    87
       Rpst.: Long sword |     8 |     3 ||    11
